[Event "*** Titled Tuesday Blitz"]
[Site "Chess.com"]
[Date "2020.04.28"]
[Round "6"]
[White "KarstenHansch"]
[Black "HanSchut"]
[Result "1-0"]
[WhiteElo "2440"]
[BlackElo "2236"]
[TimeControl "180+1"]
[EndTime "11:05:39 PDT"]
[Termination "KarstenHansch won by resignation"]

1. e4 c5 2. Nf3 d6 3. Bb5+ Nd7 4.
c3 a6 5. Ba4 Nf6 6. Qe2 b5 7.
Bc2 Bb7 8. O-O Rc8 9. d4 cxd4 10. cxd4 Qc7 11. Bd3 Qxc1 12. Rxc1 Rxc1+ 13. Ne1 g6 14. a4 b4 15. a5 Bh6 16. Ra4 O-O 17. Rxb4 Bc6 18.
Rc4 Rxc4 19. Bxc4 Bxe4 20. Nc3 d5 21. Bxa6 Rb8 22. Bb5 e5 23. Bxd7 Nxd7 24. dxe5 Nxe5 25. Nxe4 dxe4 26. Qxe4 Bg7 27. a6 Rxb2 28. a7 1-0

[Event "*** Titled Tuesday Blitz"]
[Site "Chess.com"]
[Date "2020.04.28"]
[Round "6"]
[White "HarryCun"]
[Black "Training_Day"]
[Result "1-0"]
[WhiteElo "2159"]
[BlackElo "2272"]
[TimeControl "180+1"]
[EndTime "11:05:39 PDT"]
[Termination "HarryCun won by resignation"]

1. Nf3 d5 2. g3 c6 3. Bg2 Bg4 4.
O-O Nd7 5. d3 e5 6. Nbd2 Ngf6 7. e4 dxe4 8. Nxe4 Nxe4 9. dxe4 Bc5 10.
h3 Bh5 11. g4 Bg6 12. Ne1 Nf8 13. Nd3 Bd6 14. Kh1 Ne6 15. f4 exf4 16. Nxf4 Bxf4 17.
Bxf4 Nxf4 18. Rxf4 Qxd1+ 19. Rxd1 Ke7 20. h4 h5 21. g5 Rhd8 22. Rff1 Ke6 23. Kg1 Ke5 24.
Kf2 Kf4 25. Rd3 Rxd3 26. cxd3 Rd8 27. Ke2+ Kg4 28. Ke3 Kxh4 29. Kf4 1-0

[Event "*** Titled Tuesday Blitz"]
[Site "Chess.com"]
[Date "2020.04.28"]
[Round "6"]
[White "picturesquecheck"]
[Black "talaicito"]
[Result "1-0"]
[WhiteElo "2138"]
[BlackElo "2268"]
[TimeControl "180+1"]
[EndTime "11:05:39 PDT"]
[Termination "picturesquecheck won by resignation"]

1. e4 e6 2. d4 d5 3. Nd2 Nf6 4. e5 Nfd7 5. Bd3 c5 6. c3 Nc6 7. Ne2 cxd4 8. cxd4 f6 9. exf6 Nxf6 10. O-O Bd6 11.
Nf3 Qc7 12. Bg5 O-O 13. Bh4 Nh5 14. Qc2 h6 15. Bh7+ Kh8 16. Bg6 Rxf3 17. Bxh5 Rf5 18. Bg6 Bxh2+ 19. Kh1 Bd6 20. f4 Rf8 21. Rae1 Bd7 22.
Qd1 Be8 23. Bb1 Bh5 24. Qd3 g6 25. Ng3 Bxf4 26. Nxh5 gxh5 27. Rxe6 Qg7 28. Rg6 Qh7 29. Qe2 Rae8 30. Qxh5 Bg5 31. Rxg5 Rxf1+ 32. Kh2 Rxb1 33. Qxe8+ 1-0

[Event "*** Titled Tuesday Blitz"]
[Site "Chess.com"]
[Date "2020.04.28"]
[Round "6"]
[White "PavlovDanila"]
[Black "pichonazo"]
[Result "1-0"]
[WhiteElo "2731"]
[BlackElo "2436"]
[TimeControl "180+1"]
[EndTime "11:05:40 PDT"]
[Termination "PavlovDanila won by resignation"]

1. e4 Nc6 2. Nf3 d6 3. d4 Nf6 4.
Nc3 Bg4 5. Be2 e6 6. Be3 d5 7. e5 Ne4 8. Nb1 Be7 9. h3 Bh5 10.
g4 Bg6 11. h4 h5 12. g5 Qd7 13. c3 f6 14. gxf6 gxf6 15. Rg1 Bf7 16. Nbd2 O-O-O 17. exf6 Nxf6 18. Qc2 Ng4 19. Bg5 Rdg8 20. Bxe7 Qxe7 21.
Ng5 e5 22. Qf5+ Kb8 23. Qxf7 Qd6 24. Bxg4 hxg4 25. Qe6 Rxh4 26. Qxd6 cxd6 27. Nf7 exd4 28. Nxd6 dxc3 29. bxc3 Rh6 30. Nf5 Re6+ 31. Kf1 Rf6 32.
Ne3 g3 33. f3 Ne5 34. Kg2 Nd3 35. Ng4 Rxg4 36. fxg4 Rf2+ 37. Kxg3 Rxd2 38. Rad1 1-0

[Event "*** Titled Tuesday Blitz"]
[Site "Chess.com"]
[Date "2020.04.28"]
[Round "6"]
[White "Koalaskakistis"]
[Black "SamuelGhimpu2003"]
[Result "0-1"]
[WhiteElo "2533"]
[BlackElo "2693"]
[TimeControl "180+1"]
[EndTime "11:05:41 PDT"]
[Termination "SamuelGhimpu2003 won by resignation"]

1. e4 e6 2. d4 d5 3. Nc3 Nf6 4. e5 Nfd7 5. f4 c5 6. Nf3 Nc6 7. Be3 Be7 8. Qd2 O-O 9. Be2 a6 10. dxc5 Bxc5 11. Nd4 Ndxe5 12. Nxc6 Bxe3 13. Nxd8 Bxd2+ 14. Kxd2 Ng6 15. Nxf7 Rxf7 16. g3 e5 17. Bf3 Be6 18. Nxd5 Rd8 19. c4 exf4 20. gxf4 Nxf4 21. Rad1 Nxd5 22.
Bxd5 Bxd5 23. cxd5 Rxd5+ 24. Kc1 Rc7+ 25. Kb1 Rcd7 26.
Rxd5 Rxd5 27. Rc1 h5 28. Rc8+ Kh7 29. Rc7 Rd1+ 30. Kc2 Rh1 31. Rxb7 Rxh2+ 32. Kd3 h4 33. Ke3 h3 34. Rb4 g5 35. Rb7+ Kh6 36. Rb8 g4 37. Kf4 Rg2 38. Rb6+ Kg7 39. Rxa6 h2 40. Ra7+ Kf6 41.
Ra6+ Ke7 42. Rh6 g3 0-1

[Event "*** Titled Tuesday Blitz"]
[Site "Chess.com"]
[Date "2020.04.28"]
[Round "6"]
[White "GM_Levan_Pantsulaia"]
[Black "Berardino"]
[Result "1-0"]
[WhiteElo "2821"]
[BlackElo "2670"]
[TimeControl "180+1"]
[EndTime "11:05:44 PDT"]
[Termination "GM_Levan_Pantsulaia won by resignation"]

1. Nf3 d5 2. c4 d4 3. g3 Nc6 4. Bg2 e5 5. O-O e4 6. Ne1 h5 7.
d3 h4 8. dxe4 hxg3 9. hxg3 Be6 10. Nd2 Qd7 11. b3 Bh3 12. Ndf3 Nf6 13. Ng5 Bxg2 14.
Nxg2 O-O-O 15. a3 Bd6 16. b4 Nxe4 17. Nxe4 Qh3 18. f4 f5 19. Ng5 Qxg3 20. Qd3 Qh2+ 21. Kf2 Rde8 22. Bd2 Re3 23. Bxe3 dxe3+ 24. Qxe3 1-0

[Event "*** Titled Tuesday Blitz"]
[Site "Chess.com"]
[Date "2020.04.28"]
[Round "6"]
[White "1f3_2g41-0"]
[Black "Aikiigm"]
[Result "1-0"]
[WhiteElo "2242"]
[BlackElo "2513"]
[TimeControl "180+1"]
[EndTime "11:05:44 PDT"]
[Termination "1f3_2g41-0 won by resignation"]

1. e4 Nf6 2. e5 Nd5 3. c4 Nb6 4.
Nc3 d5 5. c5 N6d7 6. d4 b6 7.
cxb6 Nxb6 8. Nf3 Bf5 9. Bd3 Bxd3 10. Qxd3 e6 11. O-O N8d7 12. Bg5 Be7 13. Bxe7 Qxe7 14. Nb5 O-O 15. Rac1 c5 16. dxc5 Nxc5 17. Qd4 Rfc8 18. Nd6 Ncd7 19. Nxc8 Nxc8 20. Rc7 Ncb6 21. Rfc1 h6 22.
h3 Qd8 23. b3 Nf8 24. R1c6 Ng6 25. Qc5 Nf4 26. a4 Nd3 27. Qd4 Nb4 28. Qxb4 1-0

[Event "*** Titled Tuesday Blitz"]
[Site "Chess.com"]
[Date "2020.04.28"]
[Round "6"]
[White "smshk35"]
[Black "Embrujada"]
[Result "0-1"]
[WhiteElo "2368"]
[BlackElo "2455"]
[TimeControl "180+1"]
[EndTime "11:05:44 PDT"]
[Termination "Embrujada won by checkmate"]

1. e4 c5 2. Nf3 e6 3. d4 cxd4 4. Nxd4 a6 5. Be2 b5 6. a4 b4 7. O-O Bb7 8. f4 Nf6 9. Bf3 Bc5 10. Kh1 Nxe4 11. f5 Qh4 12. Bxe4 Qxe4 13. Nf3 Qxf5 14. Nbd2 O-O 15. Nb3 Ba7 16. Nbd4 Qd5 17. c4 bxc3 18. bxc3 Nc6 19. Ba3 Nxd4 20. cxd4 Rfc8 21. Rb1 Rc4 22.
Qb3 Bc6 23. Rf2 Rxa4 24. Ne5 Qxb3 25. Rxb3 Bxd4 26. Nxc6 Bxf2 27. Ne7+ Kh8 28. Rf3 f6 29. g4 Re8 30. g5 Rxa3 31. gxf6 gxf6 32. Rxa3 Rxe7 33.
Rxa6 Kg7 34. Ra4 Bc5 35. Rg4+ Kf7 36. h4 d6 37. h5 f5 38. Rg5 Kf6 39. Rg2 Rb7 40.
h6 f4 41. Kh2 Kf5 42. Rg7 Rb2+ 43. Kh3 Rb3+ 44. Kh4 Bf2+ 45. Rg3 Bxg3+ 46. Kh5 Bh2 47.
Kh4 f3 48. Kh5 f2 49. Kh4 f1=Q 50. Kh5 Qh3# 0-1

[Event "*** Titled Tuesday Blitz"]
[Site "Chess.com"]
[Date "2020.04.28"]
[Round "6"]
[White "suyu28"]
[Black "DrBergerBerger"]
[Result "1-0"]
[WhiteElo "2600"]
[BlackElo "2442"]
[TimeControl "180+1"]
[EndTime "11:05:46 PDT"]
[Termination "suyu28 won on time"]

1. d4 d5 2. c4 dxc4 3. Nf3 Nf6 4. e3 a6 5. Bxc4 e6 6. O-O c5 7.
b3 Nbd7 8. Bb2 Be7 9. Nbd2 O-O 10. Rc1 b6 11. Ne5 Bb7 12. f4 cxd4 13. exd4 Rc8 14. a4 g6 15. Qe2 Nxe5 16. fxe5 Nd5 17.
Ne4 Bg5 18. Nd6 Bxc1 19. Bxc1 Rc7 20. Bh6 Qh4 21. Qd2 b5 22. Bg5 Qg4 23. Be2 Rc2 24. Bxg4 1-0

[Event "*** Titled Tuesday Blitz"]
[Site "Chess.com"]
[Date "2020.04.28"]
[Round "6"]
[White "ajian"]
[Black "claudyna16"]
[Result "1-0"]
[WhiteElo "2356"]
[BlackElo "2509"]
[TimeControl "180+1"]
[EndTime "11:05:46 PDT"]
[Termination "ajian won by checkmate"]

1. d4 Nf6 2. c4 g6 3. Nc3 Bg7 4.
e4 d6 5. Nf3 O-O 6. Be2 e5 7.
d5 Na6 8. Bg5 h6 9. Bh4 g5 10.
Bg3 Nc5 11. Nd2 a5 12. O-O Bd7 13. b3 Ne8 14. a3 f5 15. f3 f4 16. Bf2 h5 17. b4 axb4 18. axb4 Na6 19. Qb3 b6 20.
c5 Nxb4 21. cxb6 Rxa1 22. Rxa1 g4 23. b7 g3 24. Qxb4 gxf2+ 25. Kxf2 Nf6 26. Ra8 Qxa8 27.
bxa8=Q Rxa8 28. Qb7 Ra1 29. Qxc7 Be8 30. Bb5 Bf7 31.
Qxd6 Nh7 32. Qd8+ Bf8 33. d6 Kg7 34. Bc4 Nf6 35. Bxf7 Kxf7 36. Qc7+ Kg6 37. d7 Nxd7 38.
Qxd7 Bc5+ 39. Ke2 Bd4 40. Nd5 Rg1 41. Qf5+ Kg7 42. Qf6+ Kg8 43. Ne7+ Kh7 44. Qg6+ Kh8 45. Qh6# 1-0

[Event "*** Titled Tuesday Blitz"]
[Site "Chess.com"]
[Date "2020.04.28"]
[Round "6"]
[White "DenishevM"]
[Black "Alopekos"]
[Result "0-1"]
[WhiteElo "2554"]
[BlackElo "2405"]
[TimeControl "180+1"]
[EndTime "11:05:47 PDT"]
[Termination "Alopekos won by resignation"]

1. d4 Nf6 2. c4 e6 3. Nf3 d5 4. Nc3 c5 5. cxd5 Nxd5 6. e4 Nxc3 7.
bxc3 cxd4 8. cxd4 Bb4+ 9. Bd2 Bxd2+ 10. Qxd2 O-O 11. Bc4 b6 12. O-O Bb7 13. Rfe1 Nd7 14. Rad1 Nf6 15. Qf4 Rc8 16. Bd3 Qc7 17. e5 Bxf3 18.
Qxf3 Nd5 19. Re4 f5 20. exf6 Rxf6 21. Qh3 Nf4 22. Qe3 Nd5 23. Qg3 Qxg3 24. hxg3 Nc3 25. Ree1 Nxd1 26. Rxd1 g5 27. Be4 h6 28. d5 exd5 29.
Bxd5+ Kg7 30. Bb3 Rc7 31. f3 b5 32. Rd8 Rf8 33. Rd6 a5 34. Rg6+ Kxg6 0-1

[Event "*** Titled Tuesday Blitz"]
[Site "Chess.com"]
[Date "2020.04.28"]
[Round "6"]
[White "MaximDlugy"]
[Black "Kezin_Roman"]
[Result "1-0"]
[WhiteElo "2916"]
[BlackElo "2703"]
[TimeControl "180+1"]
[EndTime "11:05:48 PDT"]
[Termination "MaximDlugy won by resignation"]

1. d4 d5 2. Bf4 c5 3. Nc3 Nf6 4. e3 cxd4 5. exd4 a6 6. Nf3 Bf5 7. Ne5 Nc6 8. g4 Nxe5 9. dxe5 Nxg4 10. h3 Nh6 11. Qxd5 e6 12. Qxb7 Be7 13. Rd1 Qc8 14. Qxc8+ Rxc8 15. Bxa6 Rb8 16. Bb5+ Kf8 17. Rd2 g5 18.
Be3 Bg6 19. Rg1 Nf5 20. Bxg5 Bb4 21. a4 Rg8 22. Rg4 Ba5 23. b4 Bc7 24. Bf6 Bh5 25.
Rxg8+ Kxg8 26. Rd7 Bb6 27. a5 Bd4 28. Ne2 Bxe2 29.
Kxe2 Bc3 30. Kd3 Bxb4 31. Rd8+ Rxd8+ 32. Bxd8 1-0

[Event "*** Titled Tuesday Blitz"]
[Site "Chess.com"]
[Date "2020.04.28"]
[Round "6"]
[White "Tiqr777"]
[Black "Pedrada88"]
[Result "1-0"]
[WhiteElo "2601"]
[BlackElo "2438"]
[TimeControl "180+1"]
[EndTime "11:05:48 PDT"]
[Termination "Tiqr777 won by resignation"]

1. c4 Nf6 2. Nc3 c5 3. g3 g6 4. Bg2 Bg7 5. d3 O-O 6. Nf3 d5 7. cxd5 Nxd5 8. Bd2 Nc6 9. Rc1 Nc7 10. O-O b6 11. a3 Bb7 12. Qa4 Nd4 13. Nxd4 Bxg2 14. Kxg2 Bxd4 15. Bh6 Re8 16. b4 Bxc3 17. Rxc3 Qd4 18. Rfc1 Ne6 19. Be3 Qd5+ 20. Kg1 cxb4 21. axb4 Qb7 22. b5 Rac8 23. Rxc8 Rxc8 24. Rxc8+ Qxc8 25.
Qxa7 Qc2 26. Qxb6 Qxe2 27. Qc6 Kg7 28. b6 Qxd3 29. b7 Nd8 30. Qc1 Qb5 31. Bh6+ Kf6 32. Qc3+ e5 33. Qf3+ Ke6 34. Bg7 Qxb7 35. Qf6+ Kd5 36.
Qxd8+ Ke4 37. Qf6 Qb1+ 38. Kg2 Qb5 39. Qxf7 Qc6 40. Qf3+ Kd4 41. Qxc6 1-0

[Event "*** Titled Tuesday Blitz"]
[Site "Chess.com"]
[Date "2020.04.28"]
[Round "6"]
[White "Atanejhad"]
[Black "dbrankovic68"]
[Result "0-1"]
[WhiteElo "2508"]
[BlackElo "2375"]
[TimeControl "180+1"]
[EndTime "11:05:48 PDT"]
[Termination "dbrankovic68 won on time"]

1. e4 c5 2. Nf3 Nc6 3. d4 cxd4 4. Nxd4 Nf6 5. Nc3 e6 6. a3 a6 7. Be3 Qc7 8. Qd2 Be7 9. O-O-O O-O 10. f4 d6 11. Be2 Bd7 12. g4 Nxd4 13. Bxd4 Bc6 14. Bf3 e5 15. Be3 exf4 16. Bxf4 Rfe8 17. g5 Nd7 18. Nd5 Bxd5 19. exd5 Ne5 20. Be4 Rad8 21. Kb1 Bf8 22. h4 Nc4 23. Qd4 g6 24. Bd3 b5 25.
Bc1 Bg7 26. Qf4 Nxa3+ 27. Ka2 Nxc2 28. Bxc2 Qxc2 29. h5 Re4 0-1

[Event "*** Titled Tuesday Blitz"]
[Site "Chess.com"]
[Date "2020.04.28"]
[Round "6"]
[White "TST2014"]
[Black "abubakrtagelsir"]
[Result "1-0"]
[WhiteElo "2605"]
[BlackElo "2357"]
[TimeControl "180+1"]
[EndTime "11:05:49 PDT"]
[Termination "TST2014 won by resignation"]

1. d4 Nf6 2. c4 g6 3. Nf3 Bg7 4. Nc3 d6 5. e4 O-O 6. Be2 Na6 7. O-O e5 8. Be3 Ng4 9. Bg5 Qe8 10. dxe5 dxe5 11.
h3 f6 12. Bd2 Nh6 13. Be3 c6 14. c5 Nf7 15. Nd2 Qe7 16. Na4 Be6 17. Bc4 Rfd8 18.
Qb3 Bxc4 19. Nxc4 Kh8 20. Na5 Rd7 21. Rfd1 Rad8 22. Rxd7 Rxd7 23. Rd1 Rxd1+ 24. Qxd1 Bh6 25. Bxh6 Nxh6 26. Qd6 Qf7 27. b3 Kg7 28. Nb2 Nb4 29. a3 Nc2 30. Nbc4 Nd4 31. Qb8 Nxb3 32. Nd6 Qd7 33.
Nxb3 Nf7 34. Qxb7 1-0

[Event "*** Titled Tuesday Blitz"]
[Site "Chess.com"]
[Date "2020.04.28"]
[Round "6"]
[White "DACF2905"]
[Black "MFguimaraes"]
[Result "0-1"]
[WhiteElo "2184"]
[BlackElo "2405"]
[TimeControl "180+1"]
[EndTime "11:05:52 PDT"]
[Termination "MFguimaraes won by resignation"]

1. d4 Nf6 2. Nf3 d5 3. c4 c6 4.
cxd5 cxd5 5. g3 Nc6 6. Bg2 Bf5 7. O-O a6 8. Bf4 h6 9. Nc3 Ne4 10. Rc1 Nxc3 11. Rxc3 g5 12. Bd2 Bg7 13. e3 O-O 14. a3 Be4 15. b4 Rc8 16. Qa1 e5 17. Rfc1 Bxf3 18. Bxf3 exd4 19. exd4 Bxd4 20. Qa2 Bxc3 21. Rxc3 Nd4 22. Bg4 Rxc3 23. Bxc3 Nb5 24. Be5 Re8 25. f4 Qb6+ 26. Kg2 Qc6 27. Bf3 Rd8 28. a4 Nc3 29. Bxc3 Qxc3 30. Bxd5 Kg7 31. fxg5 hxg5 32. b5 axb5 33.
axb5 b6 34. Kh3 g4+ 35. Kg2 Qe5 36. Bc6 Rd1 37. h3 Qd4 0-1

[Event "*** Titled Tuesday Blitz"]
[Site "Chess.com"]
[Date "2020.04.28"]
[Round "6"]
[White "SergioGarciaFuentes"]
[Black "LuisFSiles"]
[Result "1-0"]
[WhiteElo "2093"]
[BlackElo "2288"]
[TimeControl "180+1"]
[EndTime "11:05:54 PDT"]
[Termination "SergioGarciaFuentes won by resignation"]

1. Nf3 Nf6 2. g3 g6 3. b3 Bg7 4. Bb2 O-O 5. Bg2 d6 6. d4 e5 7. dxe5 Ng4 8. h3 Nxe5 9. Nxe5 dxe5 10. Qxd8 Rxd8 11. Nd2 c6 12. O-O-O Na6 13. Nc4 Re8 14. Rd2 f6 15. Rhd1 Bf8 16. a3 Be6 17. Nd6 Bxd6 18.
Rxd6 Kf7 19. b4 Nc7 20. a4 Ke7 21. Ba3 Bd5 22. b5 Bxg2 23. Rxc6+ Kf7 24. Rxc7+ Kg8 25. Rdd7 Rac8 26. Rg7+ Kh8 27. Rxh7+ 1-0

[Event "*** Titled Tuesday Blitz"]
[Site "Chess.com"]
[Date "2020.04.28"]
[Round "6"]
[White "violetflower04"]
[Black "Mashenka97"]
[Result "0-1"]
[WhiteElo "2187"]
[BlackElo "2351"]
[TimeControl "180+1"]
[EndTime "11:05:54 PDT"]
[Termination "Mashenka97 won by resignation"]

1. b3 e5 2. Bb2 d6 3. e3 Nc6 4. f4 Nf6 5. Nf3 Bg4 6. Be2 exf4 7. exf4 Be7 8. O-O O-O 9. d3 Re8 10. Nbd2 Nd5 11. h3 Ne3 12. Qc1 Nxf1 13. Nxf1 Be6 14. g4 Bf6 15. d4 Bd5 16. Qd2 Qe7 17. Re1 Bxf3 18. g5 Bxe2 19. gxf6 Qxf6 20. Rxe2 d5 21. c3 Re4 22. Rxe4 dxe4 23. c4 Re8 24. d5 Qg6+ 25.
Kh2 Ne7 26. Ne3 Nf5 27. Ng4 f6 28. c5 h5 29. Ne3 Qg3+ 0-1

[Event "*** Titled Tuesday Blitz"]
[Site "Chess.com"]
[Date "2020.04.28"]
[Round "6"]
[White "swapchess90"]
[Black "Noam_Vitenberg"]
[Result "0-1"]
[WhiteElo "2671"]
[BlackElo "2505"]
[TimeControl "180+1"]
[EndTime "11:05:56 PDT"]
[Termination "Noam_Vitenberg won by resignation"]

1. Nf3 d5 2. g3 c5 3. Bg2 g6 4. O-O Bg7 5. c4 d4 6. b4 d3 7.
exd3 Bxa1 8. bxc5 Nc6 9. Nc3 Nf6 10. Ba3 Bxc3 11. dxc3 O-O 12. Bc1 Bf5 13. d4 Ne4 14.
Qe1 Nf6 15. Bh6 Bd3 16. Bxf8 Qxf8 17. Qe3 Bxf1 18. Kxf1 e6 19. Nd2 Rd8 20. f4 Qe7 21. Bf3 Qc7 22. Nb3 b6 23. Kg2 Kg7 24. g4 Ne7 25. h3 Nd7 26. cxb6 axb6 27. Be2 Nf6 28. Kf2 Qc6 29. Kg1 Qe4 30. Qd2 h5 31. g5 Ne8 32.
Bf1 Nf5 33. Bg2 Qe3+ 34. Qxe3 Nxe3 35. c5 bxc5 36. Nxc5 Nd6 37. Bc6 Rc8 38. Bf3 Nb5 39.
a4 Nxc3 40. a5 Nb5 41. a6 Nxd4 42. Bb7 Rxc5 43. a7 Ra5 44. Kf2 Rxa7 0-1

[Event "*** Titled Tuesday Blitz"]
[Site "Chess.com"]
[Date "2020.04.28"]
[Round "6"]
[White "Tashik"]
[Black "Danesz22"]
[Result "1-0"]
[WhiteElo "2545"]
[BlackElo "2293"]
[TimeControl "180+1"]
[EndTime "11:05:56 PDT"]
[Termination "Tashik won by resignation"]

1. c4 c6 2. d4 d5 3. Nf3 Nf6 4. Nc3 e6 5. Bg5 dxc4 6. e4 b5 7. e5 h6 8. Bh4 g5 9. Nxg5 hxg5 10.
Bxg5 Nbd7 11. g3 Bb7 12. Bg2 Qb6 13. exf6 O-O-O 14. O-O Bh6 15. Ne4 Kb8 16. Qd2 Bxg5 17. Nxg5 Ne5 18. Rad1 Nd3 19. Nxf7 Qxd4 20. Nxd8 Qxd8 21.
b3 Qxf6 22. bxc4 bxc4 23. Rb1 Ka8 24. h4 Qg7 25. Qe3 e5 26. Qe4 Qf7 27. Qxc6 1-0

[Event "*** Titled Tuesday Blitz"]
[Site "Chess.com"]
[Date "2020.04.28"]
[Round "6"]
[White "Arjun2002"]
[Black "TudorAnton"]
[Result "1-0"]
[WhiteElo "2685"]
[BlackElo "2514"]
[TimeControl "180+1"]
[EndTime "11:05:57 PDT"]
[Termination "Arjun2002 won by checkmate"]

1. e4 e5 2. Nf3 Nc6 3. Bc4 Nf6 4. d3 Bc5 5. O-O d6 6. c3 Bg4 7. h3 Bh5 8. Nbd2 Bb6 9. Re1 Qe7 10. Nf1 h6 11.
Ng3 Bg6 12. Nh4 O-O-O 13. Nxg6 fxg6 14. Be3 Rhf8 15. a4 Bxe3 16. Rxe3 Kb8 17. a5 a6 18. b4 Na7 19. Qb3 c6 20. d4 Nd7 21. d5 Qf6 22.
Ra2 cxd5 23. exd5 Qf4 24. Ne4 Nf6 25. Nxf6 gxf6 26. b5 axb5 27. Bxb5 Rf7 28. Rb2 Nxb5 29. Qxb5 Rc8 30. Qb6 Rd7 31. a6 Qa4 32. axb7 Rcc7 33. Re4 Qd1+ 34. Kh2 Rxb7 35. Qc6 Rxb2 36. Qxd7 Qxd5 37. Qd8+ Kb7 38. Ra4 Kc6 39. Qc8+ Kb6 40. Qd8+ Kc6 41. Ra6+ Kc5 42. Qc7+ Kb5 43. Ra5# 1-0

[Event "*** Titled Tuesday Blitz"]
[Site "Chess.com"]
[Date "2020.04.28"]
[Round "6"]
[White "Malev212"]
[Black "StephenDedalus83"]
[Result "0-1"]
[WhiteElo "2510"]
[BlackElo "2785"]
[TimeControl "180+1"]
[EndTime "11:05:57 PDT"]
[Termination "StephenDedalus83 won by resignation"]

1. c4 g6 2. h4 Bg7 3. h5 d6 4. d4 c5 5. dxc5 Qa5+ 6. Bd2 Qxc5 7. Nc3 Nf6 8. h6 Bf8 9. e4 Be6 10. Rc1 Na6 11. Nf3 Bd7 12. a3 e5 13. b4 Qc8 14.
Bg5 Be7 15. Be2 Be6 16. Nd5 Bxd5 17. cxd5 Qd7 18. Bd3 O-O 19. Qe2 Nc7 20. Bd2 Nfe8 21. Nh2 f5 22. f3 f4 23. Ng4 Bg5 24. Rc2 Nf6 25. Nxf6+ Rxf6 26. g4 Rff8 27. Kf2 Rac8 28. Kg2 Na8 29. Be1 Bd8 30. Bf2 Bb6 31. Bb5 Rxc2 32.
Qxc2 Qxb5 0-1

[Event "*** Titled Tuesday Blitz"]
[Site "Chess.com"]
[Date "2020.04.28"]
[Round "6"]
[White "hedgehog280"]
[Black "mbachez"]
[Result "1-0"]
[WhiteElo "2689"]
[BlackElo "2497"]
[TimeControl "180+1"]
[EndTime "11:05:57 PDT"]
[Termination "hedgehog280 won by resignation"]

1. e4 e6 2. Nf3 d5 3. exd5 exd5 4. d4 Nf6 5. c3 c5 6. Bd3 Nc6 7. O-O Be7 8. h3 O-O 9. Re1 Re8 10. Nbd2 cxd4 11.
cxd4 Be6 12. Nb3 h6 13. Bf4 Rc8 14. Ne5 Nb4 15. Bb1 Ne4 16. a3 Nc6 17. Qd3 Bf5 18.
Qe3 Bf6 19. g4 Bh7 20. f3 Ng5 21. Bxh7+ Kxh7 22. Kg2 Kg8 23. Bg3 Qb6 24. Rad1 Nxe5 25. dxe5 Rc2+ 26. Rd2 Rxd2+ 27. Nxd2 Qxb2 28. h4 d4 29. Qf2 Nxf3 30. Nxf3 Qxf2+ 31. Kxf2 Be7 32. a4 Bc5 33. Rc1 1-0

[Event "*** Titled Tuesday Blitz"]
[Site "Chess.com"]
[Date "2020.04.28"]
[Round "6"]
[White "Jungle_Jaguar"]
[Black "Two_Towers_Krakow"]
[Result "1-0"]
[WhiteElo "2627"]
[BlackElo "2468"]
[TimeControl "180+1"]
[EndTime "11:05:57 PDT"]
[Termination "Jungle_Jaguar won by resignation"]

1. e4 c5 2. Nf3 d6 3. d4 cxd4 4. Nxd4 Nf6 5. Nc3 a6 6. Be3 e5 7.
Nb3 Be7 8. f3 Be6 9. Qd2 h5 10.
Nd5 Bxd5 11. exd5 Nbd7 12. c4 Rc8 13. Be2 g6 14. O-O O-O 15. Na5 Qc7 16. b4 Rfe8 17.
Rac1 Bf8 18. Rfd1 b6 19. Nc6 Nb8 20. b5 a5 21. Qe1 Nbd7 22. Qh4 e4 23. f4 Bg7 24.
Bd4 e3 25. Rc3 Re4 26. Rxe3 Rxe3 27. Bxe3 Re8 28. Qh3 Ng4 29. Bxg4 hxg4 30. Qg3 f5 31. Bf2 Nf6 32. Re1 Rxe1+ 33. Bxe1 Ne4 34. Qe3 Kf7 35. Bf2 Nc5 36. Qe2 Qd7 37. Bxc5 dxc5 38.
Ne5+ Bxe5 39. Qxe5 Qe7 40. Qxe7+ Kxe7 41. Kf2 1-0

[Event "*** Titled Tuesday Blitz"]
[Site "Chess.com"]
[Date "2020.04.28"]
[Round "6"]
[White "serhanberat_ozdemir"]
[Black "Danfii"]
[Result "0-1"]
[WhiteElo "2481"]
[BlackElo "2337"]
[TimeControl "180+1"]
[EndTime "11:05:57 PDT"]
[Termination "Danfii won by resignation"]

1. e4 e5 2. Nf3 Nc6 3. d4 exd4 4. Bc4 Nf6 5. e5 d5 6. Bb5 Ne4 7. Nxd4 Bd7 8. Bxc6 bxc6 9. O-O Bc5 10. f3 Ng5 11. f4 Ne4 12. Be3 Bb6 13. Nd2 Nxd2 14. Qxd2 c5 15.
Nf3 d4 16. Bf2 Bc6 17. Bh4 Qd5 18. f5 Kd7 19. e6+ fxe6 20. Rae1 Rae8 21. Re5 Qd6 22. Bg3 Kc8 23. Ng5 Rhf8 24. Nxe6 Rf6 25. Rfe1 c4 26. Kh1 d3 27. cxd3 Qxd3 28. Qxd3 cxd3 29. Rd1 g6 30.
Rxd3 gxf5 31. Rde3 Bxe3 0-1

[Event "*** Titled Tuesday Blitz"]
[Site "Chess.com"]
[Date "2020.04.28"]
[Round "6"]
[White "grunbergmihai"]
[Black "NotFischer"]
[Result "1-0"]
[WhiteElo "2408"]
[BlackElo "2156"]
[TimeControl "180+1"]
[EndTime "11:05:57 PDT"]
[Termination "grunbergmihai won on time"]

1. Nf3 Nf6 2. c4 d6 3. g3 c6 4.
Bg2 e5 5. d4 Nbd7 6. Nc3 Be7 7.
O-O O-O 8. e4 Qc7 9. h3 a6 10. b3 b5 11. Be3 Bb7 12. cxb5 axb5 13. Rc1 b4 14. Nd5 Nxd5 15. exd5 c5 16. dxe5 dxe5 17. Nd2 Nf6 18. Nc4 Nxd5 19. Bxd5 Rfd8 20. Bxb7 Rxd1 21. Bxa8 Rxf1+ 22. Kxf1 Qa7 23. Bd5 Qxa2 24.
Nxe5 Qb2 25. Nxf7 Kf8 26. Kg2 h6 27. Bf4 g5 28. Be3 Kg7 29. Rd1 Bf6 30. Rd2 Qc3 31. Nd6 Bd4 32. Nf5+ Kf6 33. Nxd4 1-0

[Event "*** Titled Tuesday Blitz"]
[Site "Chess.com"]
[Date "2020.04.28"]
[Round "6"]
[White "Gurvich_Vitaly"]
[Black "rynos0411"]
[Result "1-0"]
[WhiteElo "2559"]
[BlackElo "2372"]
[TimeControl "180+1"]
[EndTime "11:05:58 PDT"]
[Termination "Gurvich_Vitaly won by resignation"]

1. e4 e5 2. Nf3 Nc6 3. Bb5 a6 4. Bxc6 dxc6 5. O-O Bg4 6. h3 h5 7. d3 Bd6 8. Be3 Be6 9. Nbd2 Nf6 10. Ng5 Qd7 11.
Nxe6 Qxe6 12. a4 O-O-O 13. c3 Rhg8 14. Bg5 Be7 15. Bxf6 Bxf6 16. Qf3 g5 17. Qf5 Qxf5 18. exf5 Rxd3 19. Ne4 Bd8 20. Rad1 Rxd1 21. Rxd1 g4 22. hxg4 Rxg4 23. f3 Rf4 24. Kf2 Rxf5 25. Ke3 h4 26. Rh1 b6 27. b4 Rf4 28. a5 f5 29. Nf2 bxa5 30. bxa5 Ra4 31. Nd3 f4+ 32. Kd2 Ra2+ 33.
Kd1 Ra1+ 34. Nc1 Rxa5 35. Kc2 Rd5 36. Nd3 c5 37. Nf2 c4 38. Ne4 Rd3 39. Ra1 Re3 40.
Kd2 Rd3+ 41. Ke2 Kb7 42. Nc5+ Kc6 43. Nxd3 cxd3+ 44. Kxd3 Kd5 45. Rxa6 Be7 46. c4+ Kc5 47. Re6 Bd6 48. Rh6 Kb4 49. Rxh4 Kc5 50. Rh8 Kb4 51. Rb8+ Kc5 52. Rb5+ Kc6 53. Ke4 Kd7 54. Rxe5 Bxe5 55. Kxe5 Kc6 56. Kxf4 Kc5 57. g4 Kxc4 58. g5 Kd4 59. g6 c5 60. g7 c4 61. g8=Q c3 62.
Qc8 Kd3 63. Ke5 c2 64. f4 Kd2 1-0

[Event "*** Titled Tuesday Blitz"]
[Site "Chess.com"]
[Date "2020.04.28"]
[Round "6"]
[White "GMSrinath"]
[Black "tylityli"]
[Result "1-0"]
[WhiteElo "2747"]
[BlackElo "2337"]
[TimeControl "180+1"]
[EndTime "11:05:59 PDT"]
[Termination "GMSrinath won by checkmate"]

1. e4 c5 2. Nf3 e6 3. d4 cxd4 4. Nxd4 a6 5. Nc3 Nc6 6. Be2 Qc7 7. O-O Nf6 8. Be3 Bb4 9. Na4 Nxe4 10. Nxc6 bxc6 11.
Qd4 Bd6 12. Qxe4 Bxh2+ 13. Kh1 Bd6 14. Bb6 Qb8 15. Rad1 Be7 16. Bd4 O-O 17. Nb6 Bb7 18. Nxd7 Qc8 19. Nxf8 Bxf8 20. Bd3 f5 21. Qe5 c5 22.
Bc3 Qc6 23. f3 c4 24. Be2 Qe8 25. Bxc4 Qh5+ 26. Kg1 Kh8 27. Rd7 Bc6 28. Rxg7 Rc8 29. Rg6+ Bg7 30. Qxg7# 1-0